 Dungeon Crawl Stone Soup version 0.30-a0-568-g124715a40b (webtiles) character file.

Game seed: 3780418113019193562

8526 Shayle the Black Sun (level 11, -8/69 HPs)
             Began as a Tengu Reaver on Dec 28, 2022.
             Was a High Priest of Kikubaaqudgha.
             Mangled by a death scarab (14 damage)
             ... in a Gauntlet.
             The game lasted 00:41:21 (11416 turns).

Shayle the Black Sun (Tengu Reaver)                Turns: 11416, Time: 00:41:21

Health: -8/69      AC: 14    Str: 13    XL:     11   Next: 32%
Magic:  13/18      EV: 14    Int: 17    God:    Kikubaaqudgha [*****.]
Gold:   560        SH:  5    Dex: 13    Spells: 6/18 levels left

rFire   . . .      SeeInvis .    a - +3 trident (venom)
rCold   . . .      Faith    .    l - +0 buckler
rNeg    . . .      Spirit   .    b - +0 leather armour
rPois   .          Reflect  .    A - +3 hat of Creativity {Slay+2}
rElec   .          Harm     .    q - +2 cloak {Will+}
rCorr   .          Rampage  .    (no gloves)
Will    +....      NoTele   +    (boots unavailable)
Stlth   +                        y - amulet of magic regeneration
HPRegen 0.31/turn                t - +4 ring of protection
MPRegen 0.56/turn                v - ring of wizardry

@: flying quickly and evasively, very slightly contaminated, slowed, very slow
A: beak, talons 3, nimble flight
a: Renounce Religion, Unearth Wretches, Torment


You were in a Gauntlet.
You worshipped Kikubaaqudgha.
Kikubaaqudgha was extremely pleased with you.
You visited 3 branches of the dungeon, and saw 12 of its levels.
You also visited: Sewer, Ossuary and Gauntlet.

You collected 638 gold pieces.
You spent 78 gold pieces at shops.

Inventory:

Hand Weapons
 a - a +3 trident of venom (weapon)
 e - a +6 whip of electrocution
 H - the +3 quarterstaff of Koicvush {freeze, *Corrode rElec rF+ Dex+6}
   (You found it on level 9 of the Dungeon)

   It freezes those it strikes, dealing additional cold damage.
   It can also slow down cold-blooded creatures.
   Dex:       It affects your dexterity (+6).
   rF:        It protects you from fire.
   rElec:     It insulates you from electricity.
   *Corrode:  It may corrode you when you take damage.
Missiles
 B - 3 throwing nets (quivered)
Armour
 b - a +0 leather armour (worn)
 l - a +0 buckler (worn)
 q - a +2 cloak of willpower (worn)
 A - the +3 hat of Creativity (worn) {Slay+2}
   (You acquired it on level 8 of the Dungeon)

   Slay:      It affects your accuracy & damage with ranged weapons and melee
   (+2).
 C - +0 steam dragon scales
Jewellery
 t - a +4 ring of protection (left hand)
 u - a ring of resist corrosion
 v - a ring of wizardry (right hand)
 y - an amulet of magic regeneration (around neck)
 F - a ring of fire
Wands
 d - a wand of paralysis (9)
 G - a wand of flame (22)
 K - a wand of mindburst (7)
 L - a wand of digging (7)
Scrolls
 c - a scroll of fear
 f - a scroll of poison
 j - 3 scrolls of fog
 n - 3 scrolls of immolation
 x - 3 scrolls of torment
 z - 3 scrolls of teleportation
 D - 2 scrolls of butterflies
 J - 2 scrolls of identify
Potions
 g - 3 potions of haste
 h - 2 potions of flight {unknown}
 i - a potion of lignification {unknown}
 k - 2 potions of attraction
 m - 3 potions of curing
 o - 2 potions of resistance {unknown}
 p - a potion of heal wounds
 r - 5 potions of invisibility
 s - 2 potions of brilliance {unknown}
 w - 2 potions of might
 E - 2 potions of ambrosia {unknown}


   Skills:
 + Level 8.7 Fighting
 - Level 6.8 Maces & Flails
 - Level 3.2 Polearms
 - Level 7.0 Armour
 - Level 2.8 Dodging
 - Level 1.4 Stealth
 - Level 4.9 Shields
 + Level 4.1 Spellcasting
 - Level 4.0 Conjurations
 + Level 9.1 Necromancy
 + Level 3.8 Earth Magic


You had 6 spell levels left.
You knew the following spells:

 Your Spells              Type           Power      Damage    Failure   Level
a - Kiss of Death         Conj/Necr      100%       2d13      1%          1
b - Hailstorm             Conj/Ice       10%        3d5       13%         3
c - Vampiric Draining     Necr           34%        2d8       1%          3
d - Borgnjor's Vile Clut  Necr/Erth      12%        N/A       19%         5

Your spell library contained the following spells:

 Spells                   Type           Power      Damage    Failure   Level
 Necrotise                Necr           100%       1d9       1%          1
 Sublimation of Blood     Necr           34%        N/A       1%          2
 Dispel Undead            Necr           34%        3d15      2%          4
 Shock                    Conj/Air       40%        1d5       4%          1
 Cigotuvi's Dreadful Rot  Necr/Pois/Air  26%        N/A       4%          2
 Momentum Strike          Conj/Tloc      20%        3d8       6%          2
 Agony                    Necr           34%        N/A       6%          5
 Anguish                  Hex/Necr       9%         N/A       16%         4
 Portal Projectile        Hex/Tloc       6%         N/A       28%         3
 Swiftness                Air            3%         N/A       28%         3
 Tukima's Dance           Hex            3%         N/A       28%         3
 Airstrike                Air            1%         2d(1-17)  65%         4
 Simulacrum               Ice/Necr       9%         N/A       89%         6
 Blade Hands              Tmut           1%         N/A       92%         5


Dungeon Overview and Level Annotations

Branches:
Dungeon (10/15)            Temple (1/1) D:6            Lair (1/5) D:10
  Sewer (visited)         Ossuary (visited)         Gauntlet (1/1)
    Orc: D:9-12

Altars:
Ashenzari
Cheibriados
Dithmenos
Elyvilon
Fedhas
Gozag
Hepliaklqana
Kikubaaqudgha
Makhleb
Nemelex Xobeh
Okawaru
Qazlal
Sif Muna
Trog
Uskayaw
Vehumet
Wu Jian
Yredelemnul
Zin
The Shining One

Shops:
D:3 !

Portals:
Abyss: D:5

Annotations:
D:5 2 transporters, Imper's ghost, novice KoBr
D:10 Erolcha
Temple 2 transporters Gauntlet 9 transporters, 2 runed translucent doors


Innate Abilities, Weirdness & Mutations

You have a beak for a mouth.
You have claws for feet.
Your magical nature lets you fly swiftly and evasively.


Message History

The death scarab bites you!!
* * * LOW HITPOINT WARNING * * *
The death scarab draws strength from your injuries!
The death scarab bites you but does no damage.
Okay, then.
Casting: Borgnjor's Vile Clutch (quite dangerous; 19% risk of failure)
Confirm with . or Enter, or press ? or * to list all spells.
You can't see any susceptible monsters within range! (Use Z to cast anyway.) Unknown command.
Aiming: Paralyse
Press: ? - help, Shift-Dir - straight line, f/p - death scarab
Aim: a death scarab (moderately damaged, chance to affect: 17%)
Okay, then.
Okay, then.
Casting: Borgnjor's Vile Clutch (quite dangerous; 19% risk of failure)
Confirm with . or Enter, or press ? or * to list all spells.
Okay, then.
Unknown command.
You feel much better. The death scarab misses you.
The death scarab closely misses you. The death scarab bites you!
The death scarab drains your vigour!
You feel as though you will be slow longer.
The death scarab draws strength from your injuries!
Casting: Borgnjor's Vile Clutch (quite dangerous; 19% risk of failure)
Confirm with . or Enter, or press ? or * to list all spells.
The spell is quite dangerous to miscast (19% risk of failure)!
Continue anyway?
Aiming: Borgnjor's Vile Clutch (quite dangerous; 19% risk of failure)
Press: ? - help, Shift-Dir - straight line, f/p - death scarab
Aim: a death scarab (100% to hit)
You miscast Borgnjor's Vile Clutch.
You are very lightly contaminated with residual magic.
Nothing appears to happen.
The death scarab bites you!
* * * LOW HITPOINT WARNING * * *
The death scarab drains your vigour!
You feel as though you will be slow longer.
The death scarab draws strength from your injuries!
The death scarab bites you but does no damage.
The death scarab bites you!
You die...
Kikubaaqudgha rasps: "You have failed me!
Welcome... death!"

### ### ### ### ### ### ### ###
##≈###≈###≈###≈###≈###≈###≈###≈##
#≈≈≈#≈≈≈#≈≈≈#≈≈≈#≈≈≈#≈≈≈#≈≈≈#≈≈≈#
.................................
#########...#########...#########
#.......#.8.#.#....B#.8.#.....###
#..#.#.?#...#.#.###.#...#.##.####
#..#.#..#####.###.^$#####.##..}"#
#..#©#.©#©.©#.ZB@..©#©.©#.#.©.#©#
#..#.#.Y#.8.#.###.^[#.8.#....##.#
#..#.#.9#...#.#.###.#...####.##$#
#......9#.8.#.#.....#.8. #....t#
#########...#########... #######
........#.8.........#.8. ..#....
#########...#########... #######
#.....WW#.8.#b##b.###.8.#.......#
#W...#.W#...##t.##.$#...#.#+###.#


You could see a spectral cane toad, a death scarab and a fire bat.

Vanquished Creatures
  Nergalle (D:10)
  Joseph (D:10)
  Sigmund (D:4)
  A shadow (D:9)
  9 yaks
  2 wyverns
  A steam dragon (D:7)
  An acid dragon (D:9)
  4 water moccasins
  An ice beast (D:6)
  Pargi (Sewer)
  4 black bears
  An orc warrior (D:7)
  A sky beast (D:7)
  3 ogres
  5 centaurs
  A phantom (D:6)
  4 kobold brigands
  6 bullfrogs
  8 gnoll sergeants
  2 scorpions (D:4)
  2 necrophages (D:4)
  8 wights (D:8)
  14 killer bees
  4 orc priests
  2 gnoll boudas
  4 hounds
  Crazy Yiuf (D:2)
  Jessica (D:4)
  An iguana (D:6)
  Ijyb (D:5)
  8 orc wizards
  A mummy (Ossuary)
  Robin (D:2)
  11 adders
  28 gnolls
  A river rat (D:5)
  A shadow imp (D:8)
  3 white imps
  3 ufetubi
  2 worms (D:2)
  A dart slug (D:3)
  28 orcs
  4 spectral bats (Ossuary)
  6 bats
  3 bat simulacra (Ossuary)
  7 endoplasms
  5 giant cockroaches
  12 gnoll zombies (Ossuary)
  11 goblins
  13 hobgoblins
  4 jackals (D:2)
  22 kobolds
  4 quokkas
  6 ball pythons
  10 frilled lizards
  4 goblin simulacra (Ossuary)
  A goblin zombie (Ossuary)
  7 hobgoblin zombies (Ossuary)
  3 kobold simulacra (Ossuary)
  3 kobold zombies (Ossuary)
  7 orc zombies (Ossuary)
  8 rats
  A rat simulacrum (Ossuary)
  3 spectral goblins (Ossuary)
  4 spectral kobolds (Ossuary)
  2 spectral rats (Ossuary)
334 creatures vanquished.

Vanquished Creatures (others)
  56 fungi (D:10)
  34 plants (D:10)
90 creatures vanquished.

Grand Total: 424 creatures vanquished

Notes
Turn   | Place    | Note
-------+----------+-------------------------------------------
     0 | D:1      | Shayle the Tengu Reaver began the quest for the Orb.
     0 | D:1      | Reached XP level 1. HP: 12/12 MP: 4/4
    59 | D:1      | You fall into a shaft and drop 1 floor!
    87 | D:2      | Reached XP level 2. HP: 16/17 MP: 6/6
   200 | D:1      | Reached skill level 1 in Stealth
   255 | D:1      | Reached skill level 1 in Necromancy
   275 | D:1      | Reached skill level 1 in Armour
   290 | D:1      | Reached XP level 3. HP: 21/21 MP: 7/7
   697 | D:2      | Noticed Robin
   847 | D:2      | Reached XP level 4. HP: 24/27 MP: 8/8
  1125 | D:3      | Noticed Jessica
  1242 | D:3      | Found a burning altar of Makhleb.
  1269 | D:3      | Reached skill level 1 in Maces & Flails
  1440 | D:3      | Gained mutation: Your magical nature lets you fly swiftly
                  | and evasively. [Tengu growth]
  1440 | D:3      | Reached XP level 5. HP: 32/32 MP: 9/9
  1506 | D:3      | Found a faded altar of an unknown god.
  1519 | D:3      | Reached skill level 2 in Necromancy
  1630 | D:3      | Found Vauru's Distillery.
  1638 | D:3      | Bought a potion of heal wounds for 65 gold pieces
  1638 | D:3      | Bought a potion of degeneration for 13 gold pieces
  1835 | D:5      | Entered Level 5 of the Dungeon
  2092 | D:5      | Found a glowing drain.
  2107 | Sewer    | Entered a sewer
  2132 | Sewer    | Noticed Pargi
  2296 | Sewer    | Killed Pargi
  2297 | Sewer    | Reached skill level 3 in Necromancy
  2297 | Sewer    | Reached XP level 6. HP: 14/37 MP: 10/10
  2524 | D:4      | Killed Jessica
  2681 | D:4      | Reached XP level 7. HP: 36/42 MP: 11/11
  3220 | D:5      | Found a transporter.
  3257 | D:5      | Found a transporter.
  3266 | D:5      | Reached skill level 4 in Necromancy
  3278 | D:5      | Noticed Ijyb
  3284 | D:5      | Learned a level 3 spell: Hailstorm
  3365 | D:5      | Killed Ijyb
  3366 | D:5      | Reached XP level 8. HP: 48/48 MP: 12/12
  3703 | D:5      | Found a one-way gate to the infinite horrors of the Abyss.
  3703 | D:5      | Noticed Imper's ghost (novice KoBr)
  3707 | D:5      | Noticed a toenail golem
  3822 | D:4      | Noticed Sigmund
  3892 | D:4      | Killed Sigmund
  3916 | D:4      | Reached skill level 5 in Fighting
  3945 | D:4      | Reached skill level 5 in Armour
  4095 | D:2      | Killed Robin
  4248 | D:2      | Found a runed translucent door.
  4249 | D:2      | Noticed Crazy Yiuf
  4258 | D:2      | Killed Crazy Yiuf
  4259 | D:2      | Reached skill level 5 in Necromancy
  4663 | D:6      | Found a staircase to the Ecumenical Temple.
  4676 | D:6      | Reached skill level 5 in Maces & Flails
  4690 | Temple   | Entered the Ecumenical Temple
  4690 | Temple   | Found a transporter.
  4690 | Temple   | Found a transporter.
  4692 | Temple   | Found a transporter.
  4692 | Temple   | Found a transporter.
  4707 | Temple   | Became a worshipper of Kikubaaqudgha
  4796 | D:6      | Noticed a yak
  4797 | D:6      | Noticed a yak
  4803 | D:6      | Noticed a yak
  4803 | D:6      | Noticed a yak
  4803 | D:6      | Noticed a yak
  4843 | D:6      | Found a sand-covered staircase.
  4847 | Ossuary  | Entered an ossuary
  4958 | Ossuary  | Reached * piety under Kikubaaqudgha
  4958 | Ossuary  | Received a gift from Kikubaaqudgha
  5081 | Ossuary  | Learned a level 3 spell: Vampiric Draining
  5328 | Ossuary  | Reached ** piety under Kikubaaqudgha
  5718 | D:6      | Reached XP level 9. HP: 44/55 MP: 13/13
  5819 | D:6      | Reached skill level 1 in Shields
  5915 | D:6      | Reached skill level 6 in Necromancy
  7252 | D:7      | Reached *** piety under Kikubaaqudgha
  7252 | D:7      | Received a gift from Kikubaaqudgha
  7263 | D:7      | Learned a level 5 spell: Borgnjor's Vile Clutch
  7324 | D:7      | Reached skill level 7 in Necromancy
  7379 | D:7      | Reached XP level 10. HP: 48/61 MP: 9/14
  7457 | D:7      | Found a white marble altar of Elyvilon.
  7926 | D:8      | Reached skill level 1 in Earth Magic
  8192 | D:7      | Noticed a death knight
  8517 | D:8      | Reached **** piety under Kikubaaqudgha
  8588 | D:8      | Identified a scroll of acquirement
  8590 | D:8      | Acquired the +3 hat of Creativity {Slay+2}
  8643 | D:8      | Found a sparkling altar of Nemelex Xobeh.
  9166 | D:9      | Identified the +3 quarterstaff of Koicvush {freeze,
                  | *Corrode rElec rF+ Dex+6}
  9240 | D:10     | Entered Level 10 of the Dungeon
  9309 | D:10     | Found a blossoming altar of Fedhas.
  9323 | D:9      | Reached skill level 8 in Necromancy
 10242 | D:10     | Found an ornate altar of the Wu Jian Council.
 10540 | D:10     | Reached XP level 11. HP: 68/68 MP: 1/16
 10587 | D:10     | Found a shadowy altar of Dithmenos.
 10594 | D:10     | Noticed Erolcha
 10595 | D:10     | Noticed Nergalle
 10933 | D:10     | Reached ***** piety under Kikubaaqudgha
 10980 | D:10     | Noticed Joseph
 10990 | D:10     | Killed Joseph
 10991 | D:10     | Reached skill level 9 in Necromancy
 11079 | D:10     | Killed Nergalle
 11129 | D:10     | Found a staircase to the Lair.
 11138 | Lair:1   | Entered Level 1 of the Lair of Beasts
 11207 | Lair:1   | Found a gate leading to a gauntlet.
 11217 | Gauntlet | Entered a Gauntlet
 11217 | Gauntlet | Found a transporter.
 11217 | Gauntlet | Found a transporter.
 11221 | Gauntlet | Noticed a catoblepas
 11223 | Gauntlet | Found a transporter.
 11223 | Gauntlet | Found a transporter.
 11226 | Gauntlet | Found a transporter.
 11226 | Gauntlet | Found a transporter.
 11257 | Gauntlet | Found a transporter.
 11257 | Gauntlet | Noticed a death scarab
 11261 | Gauntlet | Found a transporter.
 11269 | Gauntlet | Found a transporter.
 11270 | Gauntlet | Noticed a ghost crab
 11284 | Gauntlet | Found a runed translucent door.
 11284 | Gauntlet | Noticed a death drake
 11286 | Gauntlet | Found a transporter.
 11288 | Gauntlet | Found a runed translucent door.
 11300 | Gauntlet | Found a transporter.
 11304 | Gauntlet | Found a transporter.
 11310 | Gauntlet | Noticed a fire crab
 11416 | Gauntlet | Mangled by a death scarab

Illustrated notes

Levels and vault maps discovered:
D:1:      lemuel_arrival_river_bridge, layout_basic
D:2:      layout_basic, uniq_robin, uniq_crazy_yiuf_cottage
D:3:      layout_rooms, mainiacjoe_overflow_boulevard, basic_ecumenical_altar,
          serial_shops, nicolae_lakefront_shop, uniq_jessica
D:4:      layout_basic, uniq_sigmund
D:5:      layout_basic, portal_sewer_entry_b, gammafunk_ghost_abyssal_escape,
          uniq_ijyb
D:6:      layout_rooms, minmay_temple_entry_water_ring,
          nicolae_ossuary_entry_false_entrances
D:7:      minmay_klotski, layout_basic, mainiacjoe_overflow_surrounded_room,
          uniq_pikel
D:8:      layout_basic, nemelex_altar_shiori
D:9:      layout_long_grid, minmay_diced_spiral
D:10:     layout_long_grid, mainiacjoe_overflow_tiny_flanked,
          grunt_dithmenos_smoke, nicolae_overflow_hidden_temple,
          due_lair_maze_entry_diamond, uniq_erolcha, uniq_joseph, uniq_nergalle
Temple:   hellmonk_temple_divided_pantheon
Lair:1:   layout_cave_shapes, ebering_ghost_rock_garden, gauntlet_entry_generic,
          st_stairs_8, grunt_megastairs_4, lemuel_fruit_tree
Gauntlet: minmay_gauntlet_77_indecision [minmay_gauntlet_arena_77_double_cross,
          minmay_gauntlet_arena_77_chump_sandwich,
          minmay_gauntlet_arena_77_mess, minmay_gauntlet_arena_77_mirror,
          minmay_gauntlet_arena_77_shame_cube,
          minmay_gauntlet_arena_77_p_blocks, dreamdust_gauntlet_exit_labyrinth]

Skill      XL: |  1  2  3  4  5  6  7  8  9 10 11 |
---------------+----------------------------------+-----
Stealth        | 1 |  1.4
Necromancy     | 1 3 4 5 7 8 9 |  9.1
Armour         | 1 2 3 4 5 7 |  7.0
Maces & Flails | 1 2 3 4 5 6 |  6.8
Fighting       | 3 4 5 6 8 |  8.7
Shields        | 3 4 |  4.9
Earth Magic    | 3 |  3.8
Spellcasting   | 3 4 |  4.1
Polearms       | |  3.2
Dodging        | |  2.8
Conjurations   | |  4.0

Action                   |  1- 3 |  4- 6 |  7- 9 | 10-12 || total
-------------------------+-------+-------+-------+-------++-------
Melee: Spear             |    26 |     6 |       |       ||    32
       Peck              |    13 |    19 |    63 |    49 ||   144
       Kick              |    11 |    24 |    95 |    70 ||   200
       Whip              |    58 |   132 |   379 |   145 ||   714
       Trident           |       |       |       |    99 ||    99
Throw: Dart              |       |       |       |     1 ||     1
 Cast: Vampiric Draining |       |       |     6 |     4 ||    10
       Hailstorm         |       |       |     5 |    12 ||    17
       Borgnjor's Vile C |       |       |       |    19 ||    19
Evoke: Wand              |       |       |     1 |    11 ||    12
  Use: Scroll            |       |     4 |    17 |     6 ||    27
       Potion            |       |     1 |     1 |     6 ||     8
 Stab: Sleeping          |       |     3 |     5 |       ||     8
       Paralysed         |       |       |       |    10 ||    10
Armor: Leather armour    |    19 |    23 |    96 |    95 ||   233
Dodge: Dodged            |    65 |    90 |   197 |   169 ||   521
Block: Buckler           |       |    15 |    55 |    79 ||   149

Table legend: (Time is in decaauts)
 A = Elapsed time spent in this place.
 B = Non-inter-level travel time spent in this place.
 C = Inter-level travel time spent in this place.
 D = Time resting spent in this place.
 E = Time spent auto-exploring this place.
 F = Levels seen in this place.
 G = Mean time per level.
                   A        B        C        D        E       F      G
               +--------+--------+--------+--------+--------+-----+--------+
         Total |  10782 |  10312 |    470 |   2066 |   4421 |  15 |  718.8 |
       Dungeon |   9525 |   9055 |    470 |   1728 |   4252 |  10 |  952.5 |
        Temple |    115 |    115 |      0 |     78 |      0 |   1 |  115.0 |
          Lair |     75 |     75 |      0 |     41 |      0 |   1 |   75.0 |
         Sewer |    322 |    322 |      0 |      0 |    142 |   1 |  322.0 |
       Ossuary |    558 |    558 |      0 |    200 |     25 |   1 |  558.0 |
      Gauntlet |    184 |    184 |      0 |     19 |      0 |   1 |  184.0 |
               +--------+--------+--------+--------+--------+-----+--------+

Top non-repeatable levels by time:
     D:7: 1311 daAuts
     D:9: 1211 daAuts
     D:4: 1101 daAuts
     D:8: 1070 daAuts
     D:5: 1064 daAuts
    D:10: 816 daAuts
     D:6: 815 daAuts
     D:2: 790 daAuts
     D:1: 705 daAuts
     D:3: 637 daAuts
 Ossuary: 558 daAuts
   Sewer: 322 daAuts
Gauntlet: 184 daAuts
  Temple: 115 daAuts
  Lair:1: 75 daAuts
